 Dungeon Crawl Stone Soup version 0.20-a0-540-ge6d1839 (webtiles) character file.

1736227 kuniqs the Acrobat (level 27, 232/232 (233) HPs)
             Began as a Barachian Berserker on Jan 29, 2017.
             Was the Champion of Trog.
             Escaped with the Orb
             ... and 3 runes on Jan 30, 2017!
             The game lasted 03:39:09 (66841 turns).

kuniqs the Acrobat (Barachian Berserker)           Turns: 66841, Time: 03:39:10

HP:   232/232 (233) AC: 30    Str: 23    XL:     27
MP:   23/23         EV: 38    Int: 12    God:    Trog [******]
Gold: 4763          SH: 31    Dex: 29    Spells: 26/26 levels left

rFire    + . .     SeeInvis .   g - +9 demon whip (elec)
rCold    . . .     Gourm    .   t - +6 faerie dragon scales {rCorr Int+4 Slay+5}
rNeg     . . .     Faith    .   H - +0 large shield of the Gravedigger {Dex+3 Slay+3}
rPois    .         Spirit   .   u - +2 helmet {Int+3}
rElec    +         Reflect  +   R - +2 cloak {MR+}
rCorr    +         Harm     .   E - +0 pair of fencer's gloves {+Riposte Dex+3}
MR       +++..                  y - +2 pair of boots {run}
Stlth    +.........             Y - +6 amulet of reflection
Regen    0.5/turn               Q - ring of Hospitality {EV+3 Str+5}
                                O - ring "Xaggok" {rElec rF+ Dex+4 Stlth-}

@: very slightly contaminated, hasted (expiring), very quick
A: swims, slowness 1, weak 1, strong legs 2
0: Orb of Zot
}: 3/15 runes: serpentine, barnacled, slimy
a: Hop, Berserk, Trog's Hand, Brothers in Arms, Burn Spellbooks, Renounce
Religion


You escaped.
You worshipped Trog.
Trog was exalted by your worship.
You were full.

You visited 13 branches of the dungeon, and saw 58 of its levels.
You visited 1 ziggurat, and saw 6 of its levels.
You also visited: Labyrinth, Ice Cave and Wizlab.

You collected 8267 gold pieces.
You spent 3504 gold pieces at shops.

Inventory:

Hand Weapons
 b - a +6 antimagic eveningstar
 g - a +9 demon whip of electrocution (weapon)
Missiles
 q - 7 throwing nets (quivered)
Armour
 t - the +6 faerie dragon scales (worn) {rCorr Int+4 Slay+5}
   (You took it off the Enchantress on level 1 of the Depths)

   It affects your intelligence (+4).
   It affects your accuracy and damage with ranged weapons and melee attacks
   (+5).
   It protects you from acid and corrosion.
 u - a +2 helmet of intelligence (worn)
 y - a +2 pair of boots of running (worn)
 E - the +0 pair of fencer's gloves (worn) {+Riposte Dex+3}
   (You found it on level 4 of the Shoals)

   It affects your dexterity (+3).
 H - the +0 large shield of the Gravedigger (worn) {Dex+3 Slay+3}
   (You found it in an ice cave)

   It affects your dexterity (+3).
   It affects your accuracy and damage with ranged weapons and melee attacks
   (+3).
 R - a +2 cloak of magic resistance (worn)
Jewellery
 O - the ring "Xaggok" (left hand) {rElec rF+ Dex+4 Stlth-}
   (You found it on level 3 of the Crypt)

   [ring of dexterity]

   It affects your dexterity (+4).
   It protects you from fire.
   It insulates you from electricity.
   It makes you less stealthy.
 Q - the ring of Hospitality (right hand) {EV+3 Str+5}
   (You found it on level 3 of the Elven Halls)

   [ring of evasion]

   It affects your evasion (+3).
   It affects your strength (+5).
 W - the ring of the Slug {Ice Int-3 Dex+3 SInv Stlth+}
   (You found it on level 11 of the Dungeon)

   [ring of ice]

   It enhances your ice magic.
   It affects your intelligence (-3).
   It affects your dexterity (+3).
   It makes you vulnerable to fire.
   It protects you from cold.
   It lets you see invisible.
   It makes you more stealthy.
 Y - a +6 amulet of reflection (around neck)
Wands
 G - a wand of digging (14/24)
 T - a wand of scattershot (1/9)
Scrolls
 a - 24 scrolls of remove curse {@r2}
 i - 3 scrolls of fear
 l - 7 scrolls of enchant armour
 m - 5 scrolls of magic mapping
 n - a scroll of immolation
 o - 4 scrolls of blinking
 v - a scroll of silence
 w - 9 scrolls of fog
 z - 2 scrolls of holy word
 B - 2 scrolls of summoning
 C - 6 scrolls of teleportation
 F - a scroll of brand weapon
 M - 2 scrolls of recharging
 V - 5 scrolls of identify {@r1}
Potions
 c - 8 potions of curing {@q1}
 h - a potion of resistance
 k - 4 potions of cancellation
 p - 4 potions of agility
 s - 2 potions of cure mutation
 x - 3 potions of heal wounds
 A - 3 potions of might
 D - 4 potions of haste
 L - 3 potions of invisibility
Miscellaneous
 j - a phial of floods
 N - a lamp of fire
 U - 2 boxes of beasts
 X - a lightning rod (3/4)
Comestibles
 d - 22 bread rations
 e - 3 meat rations
 f - 13 fruits


   Skills:
 + Level 22.7 Fighting
 - Level 22.0 Maces & Flails
 - Level 18.4 Armour
 + Level 22.8 Dodging
 - Level 2.9 Stealth
 - Level 22.0 Shields


You had 26 spell levels left.
You didn't know any spells.

Dungeon Overview and Level Annotations

Branches:
Dungeon (15/15)            Temple (1/1) D:7            Lair (6/6) D:11
 Shoals (4/4) Lair:2        Snake (4/4) Lair:4        Slime (5/5) Lair:5
    Orc (2/2) D:12            Elf (3/3) Orc:2        Vaults (4/5) D:14
  Crypt (3/3) Vaults:2       Tomb (0/3) Crypt:3      Depths (5/5) D:15
   Hell (1/1)                 Zot (5/5) Depths:5
    Dis: Hell:1         Geh: Hell:1         Coc: Hell:1         Tar: Hell:1

Altars:
Ashenzari
Cheibriados
Dithmenos
Elyvilon
Fedhas
Hepliaklqana
Kikubaaqudgha
Makhleb
Nemelex Xobeh
Okawaru
Qazlal
Ru
Trog
Vehumet
Xom
Yredelemnul
Zin
Beogh
Jiyva

Shops:
D:5 [=**[   D:12 %   D:15 [[%   Orc:2 ?[}::   Elf:2 =}}   Shoals:1 }(=}!
Vaults:3 [

Portals:
Hell: Lair:6 Depths:1 Depths:2 Depths:3 Depths:4 Depths:5
Abyss: Depths:4
Pandemonium: Depths:3

Annotations:
Lair:4 exclusion: 4 oklob plants
Shoals:3 exclusion: door
Snake:3 exclusion: Roxanne, Roxanne
Elf:2 3 runed doors
Hell Geryon


Innate Abilities, Weirdness & Mutations

You can swim through water.
You cover ground slowly.
You can hop longer distances.
You are weak. (Str -2)


Message History

The arrow closely misses the cherub.
The cherub shoots an arrow.
You reflect the arrow off an invisible shield around you!
The arrow hits the cherub!
There is a stone staircase leading up here.
You climb upwards.
There is a stone staircase leading down here.
A Hell Sentinel comes into view.
You see here a club.
There is a stone staircase leading up here.
You climb upwards.
There is a stone staircase leading down here.
You feel yourself speed up.
You are very lightly contaminated with residual magic.
The rock shatters into small pieces.
This wand has 16 charges left.
The rock shatters into small pieces.
This wand has 15 charges left.
The rock shatters into small pieces.
This wand has 14 charges left.
There is a staircase leading out of the dungeon here.
Your extra speed is starting to run out.
You have escaped!

.####....####....## #.#
#.# ..##......##......#
#.# #.#
..##..##..##..##..# #.#
###.##
..##..##...#..##..# #†#
#....#
..##..##..#...##..####.#
#.####
..##..##..##..##..##...#
#.#
......##......#....#.###
#.#
#....####....#...).#.#
#.# ######
#######.@.##.# #.#
##.###.# #.# ### #.# #.#
#.# #.# #.######.##
#.........# ###########


There were no monsters in sight!

Vanquished Creatures
  the Royal Jelly (Slime:5)
  3 orbs of fire (Zot:5)
  4 ancient liches
  Mennas (Crypt:3)
  Mara (Snake:3)
  3 Killer Klowns (Zot:5)
  Saint Roka (Orc:2)
  Bai Suzhen (Depths:2)
  Vashnia (Snake:2)
  5 golden dragons
  Nikola (Vaults:3)
  A bone dragon (Crypt:3)
  Jorgrun (Depths:1)
  the Enchantress (Depths:1)
  An electric golem (Zot:5)
  A tentacled monstrosity (Zot:3)
  Rupert (Snake:1)
  An Ice Fiend (IceCv)
  Asterion (Elf:1)
  22 Orb Guardians (Zot:5)
  2 deep elf blademasters (Elf:3)
  A quicksilver dragon (Vaults:4)
  7 acid blobs
  5 titans
  5 liches
  2 sphinxes
  3 ancient champions
  5 death cobs
  4 storm dragons
  3 shadow dragons
  5 tengu reavers
  Donald (Snake:1)
  Ilsuiw (Shoals:3)
  2 revenants
  3 azure jellies (Slime:5)
  5 fire giants
  5 deep elf sorcerers
  A draconian knight (Zig:5)
  2 iron dragons
  12 nagarajas
  9 frost giants
  An orc warlord (D:12)
  10 vault wardens
  6 draconian scorchers
  A ghost moth (Zot:5)
  Aizul (Snake:1)
  4 draconian stormcallers
  3 curse skulls
  6 deep elf elementalists
  3 draconian shifters
  2 draconian annihilators
  7 ghouls
  9 ironheart preservers
  A reaper (Depths:3)
  12 vampire knights
  3 spriggan defenders (Depths:1)
  A juggernaut skeleton (Zig:1)
  5 war gargoyles
  8 very ugly things
  A caustic shrike skeleton (Depths:4)
  6 green draconians
  4 deep elf demonologists (Elf:3)
  Azrael (D:12)
  5 black draconians
  An entropy weaver (Vaults:4)
  5 red draconians
  20 stone giants
  4 white draconians
  The ghost of tsouns the Grappler, a journeyman TrAM of Dithmenos (Lair:3)
  A purple draconian (shapeshifter) (Zot:3)
  10 deep elf annihilators
  4 yellow draconians
  11 ettins
  Snorg (Lair:4)
  8 purple draconians
  8 deep elf death magi
  4 merfolk impalers
  6 death oozes (Slime:5)
  A green death (Depths:3)
  2 merfolk javelineers (Shoals:4)
  6 eidola
  7 jiangshi
  5 deep elf high priests
  Josephine (Lair:4)
  3 crystal guardians (Crypt:3)
  3 minotaurs (Depths:2)
  12 fire dragons
  14 yaktaur captains
  9 great orbs of eyes
  8 ice dragons
  Harold (D:11)
  7 vault guards
  4 spriggan air magi
  A hell beast (Depths:4)
  A rakshasa (Zot:3)
  11 hydras
  20 naga warriors
  A catoblepas (D:13)
  6 merfolk avatars
  A catoblepas (shapeshifter) (Zot:3)
  7 centaur warriors
  2 anacondas (shapeshifter)
  6 merfolk aquamancers (Shoals:4)
  2 death knights
  7 deep troll shamans
  38 two-headed ogres
  9 anacondas
  9 tengu warriors
  9 deep troll earth magi
  2 satyrs
  18 naga sharpshooters
  15 dancing weapons
  16 ogre magi
  A titan zombie (Crypt:3)
  3 orc high priests
  6 shock serpents
  An iron golem (Zig:6)
  8 vampire magi
  5 sun demons
  5 spriggan berserkers
  Nergalle (Orc:2)
  30 skeletal warriors
  Urug (D:15)
  13 deep elf knights
  15 hell knights
  2 fire crabs
  A storm dragon skeleton (Depths:4)
  2 small abominations
  A soul eater (Depths:3)
  2 iron trolls (Depths:5)
  An anaconda zombie (Crypt:1)
  3 glowing orange brains
  A salamander mystic (Snake:4)
  24 deep trolls
  3 golden dragon zombies
  9 sea snakes
  5 unseen horrors
  8 flayed ghosts
  A glowing orange brain (shapeshifter) (Depths:4)
  9 naga ritualists
  3 wizards
  8 phantasmal warriors
  A lindwurm (Lair:6)
  A shadow dragon zombie (Crypt:1)
  14 orc knights
  A golden dragon skeleton (Crypt:2)
  2 lindwurms (shapeshifter)
  7 ironbrand convokers
  6 deep elf archers
  56 deep elf magi
  8 mana vipers
  A harpy (Shoals:4)
  12 necromancers
  A sphinx zombie (Depths:4)
  11 cyclopes
  33 ugly things
  4 wolf spiders
  12 orc sorcerers
  2 orb spiders (Zot:3)
  4 fauns
  2 shining eyes
  13 salamanders
  12 manticores
  Joseph (D:9)
  5 moths of wrath
  5 elephants (Lair:4)
  2 rust devils
  An iron dragon skeleton (Crypt:1)
  3 centaur zombies
  2 shock serpent zombies
  2 orange demons (Lair:6)
  12 naga magi
  Maurice (D:11)
  An ice statue (IceCv)
  2 eyes of devastation
  A guardian serpent (shapeshifter) (Vaults:2)
  2 stone giant skeletons
  36 black mambas
  10 vault sentinels
  9 water nymphs
  A water nymph (shapeshifter) (D:15)
  Psyche (D:8)
  7 guardian serpents
  7 merfolk sirens
  4 smoke demons
  3 gargoyles
  20 spiny frogs
  An elephant slug zombie (Crypt:2)
  4 rime drakes (Lair:6)
  An elf skeleton (Depths:4)
  48 yaktaurs
  An anaconda simulacrum (IceCv)
  An efreet (D:14)
  A dire elephant skeleton (Crypt:3)
  8 komodo dragons
  A guardian mummy (WizLab)
  A white draconian zombie (Crypt:2)
  A golden dragon simulacrum (IceCv)
  3 red devils
  12 freezing wraiths
  A demonic crawler (Depths:3)
  A queen bee (shapeshifter) (Vaults:2)
  2 kobold demonologists
  3 ice devils
  6 tengu conjurers
  3 hellwings (Depths:1)
  A grey draconian skeleton (Crypt:2)
  6 harpy zombies
  A jumping spider (Vaults:3)
  A tyrant leech (shapeshifter) (Depths:2)
  5 hornets
  A death drake zombie (Crypt:1)
  A queen bee (Depths:2)
  8 trolls
  2 trolls (shapeshifter)
  A polar bear (Lair:5)
  A jumping spider (shapeshifter) (Vaults:1)
  17 merfolk
  A wolf spider simulacrum (IceCv)
  6 meliai
  A hydra skeleton (Crypt:3)
  A wind drake (shapeshifter) (Depths:5)
  4 wind drakes
  71 slime creatures
  A bog body (Crypt:1)
  13 hippogriffs
  An alligator zombie (Crypt:3)
  20 blink frogs
  7 dream sheep (Lair:5)
  A fire dragon zombie (Crypt:3)
  A meliai zombie (D:13)
  5 snapping turtles
  34 flying skulls (Crypt:3)
  8 air elementals
  6 redbacks
  Sigmund (D:4)
  2 ice dragon skeletons
  2 vampires
  A fire dragon skeleton (Crypt:3)
  A ynoxinul (Depths:1)
  6 shadows
  4 spriggans (Depths:1)
  2 tarantellas (shapeshifter)
  A wind drake zombie (Crypt:2)
  3 wyverns
  6 wraiths
  27 yaks
  5 basilisks
  5 fire elementals
  A black mamba skeleton (Crypt:1)
  A large abomination (Depths:3)
  6 golden eyes
  3 hungry ghosts
  A death yak simulacrum (IceCv)
  2 steam dragons
  19 water elementals
  2 chaos spawn
  5 vampire mosquitoes
  15 wargs
  Menkaure (D:7)
  A deep troll zombie (Crypt:2)
  2 iron troll simulacra (IceCv)
  An insubstantial wisp (Depths:3)
  A merfolk zombie (Crypt:1)
  2 soldier ants
  6 harpy simulacra (IceCv)
  7 hell hounds
  15 water moccasins
  77 nagas
  9 porcupines
  2 floating eyes (Depths:4)
  5 hydra simulacra (IceCv)
  3 acid dragons
  A spiny frog zombie (Crypt:1)
  An ice dragon simulacrum (Crypt:2)
  7 phantoms
  A manticore zombie (Crypt:1)
  7 sky beasts
  A spiny frog skeleton (Crypt:3)
  4 eyes of draining
  An ice beast (D:6)
  A black bear (shapeshifter) (Vaults:1)
  3 black bears
  2 alligator simulacra (IceCv)
  8 necrophages
  38 ogres
  29 orc warriors
  A tengu (shapeshifter) (Vaults:4)
  16 wolves
  8 boggarts
  23 centaurs
  A snapping turtle skeleton (Crypt:3)
  21 crocodiles
  A dream sheep skeleton (Crypt:2)
  3 big kobolds
  A hippogriff zombie (Shoals:3)
  14 bullfrogs
  A wyvern zombie (D:13)
  2 earth elementals
  A shapeshifter zombie (Crypt:1)
  7 scorpions
  25 killer bees
  A polar bear skeleton (Crypt:2)
  A human simulacrum (Vaults:1)
  9 wights
  3 electric eels (Lair:6)
  2 howler monkeys
  6 crimson imps
  2 quasits
  7 hounds
  2 bullfrog skeletons
  8 draconian simulacra (IceCv)
  8 jellies
  3 centaur skeletons
  A human zombie (Crypt:1)
  24 orc priests
  49 orc wizards
  A gnoll shaman (D:8)
  An iron imp (Depths:5)
  6 iguanas
  Ijyb (D:2)
  10 worker ants
  A hell rat (Depths:3)
  2 spriggan simulacra (IceCv)
  A wolf simulacrum (IceCv)
  2 troll simulacra (IceCv)
  A killer bee zombie (D:7)
  3 tengu zombies
  Robin (D:3)
  A howler monkey skeleton (D:4)
  2 worker ant zombies
  8 gnolls
  An ogre simulacrum (IceCv)
  12 adders
  3 naga simulacra (IceCv)
  3 shadow imps
  5 white imps (IceCv)
  7 ufetubi (IceCv)
  8 oozes
  2 adder zombies
  2 halfling zombies
  2 adder skeletons
  A worm (D:4)
  A dart slug (D:2)
  7 leopard geckos
  99 orcs
  A ball python (D:7)
  11 bats
  2 bat zombies (Shoals:3)
  2 giant cockroaches
  2 gnoll zombies (D:2)
  21 goblins
  12 hobgoblins
  13 jackals
  4 frilled lizards
  A jackal skeleton (D:4)
  30 kobolds
  A kobold skeleton (Crypt:2)
  A leopard gecko skeleton (D:5)
  An orc zombie (Crypt:2)
  2 quokka skeletons
  A quokka zombie (D:9)
  12 rats
  4 crawling corpses (Elf:3)
  A fungus (Lair:6)
2345 creatures vanquished.

Vanquished Creatures (collateral kills)
  An iron giant (Zig:6)
  A reaper (Zig:6)
  A minotaur (Lab)
  A dancing weapon (Crypt:3)
  A shock serpent (Snake:1)
  A skeletal warrior (Crypt:3)
  A shining eye (Slime:4)
  A stone giant skeleton (Zig:6)
  2 ice devils (IceCv)
  A red devil (Zig:6)
  An orc warrior (D:7)
  An iron imp (Zig:6)
13 creatures vanquished.

Vanquished Creatures (others)
  Frederick (Vaults:3)
  2 deep elf master archers (Elf:3)
  A stone giant (Depths:2)
  A white draconian (Zot:5)
  A spark wasp (Depths:4)
  6 merfolk javelineers (Shoals:4)
  4 yaktaur captains
  A centaur warrior (Depths:2)
  A satyr (Shoals:4)
  A two-headed ogre (D:9)
  10 naga sharpshooters
  A shadow wraith (Depths:3)
  A deep elf archer (Elf:3)
  A faun (Shoals:3)
  2 cyclopes
  3 manticores
  7 yaktaurs
  2 merfolk
  A troll (D:9)
  A naga (Snake:4)
  2 orc warriors
  A black bear (D:9)
  2 ogres (D:9)
  2 boggarts (Depths:3)
  A centaur (D:13)
  A centaur zombie (Crypt:1)
  An orc wizard (Orc:2)
  An adder (D:9)
  A white imp (IceCv)
  An ufetubus (IceCv)
  An adder skeleton (D:8)
  2 orcs
  5 fungi
  12 plants
81 creatures vanquished.

Grand Total: 2439 creatures vanquished

Notes
Turn   | Place    | Note
-------+----------+-------------------------------------------
     0 | D:1      | kuniqs the Barachian Berserker began the quest for the Orb.
     0 | D:1      | Reached XP level 1. HP: 18/18 MP: 1/1
   350 | D:1      | Reached XP level 2. HP: 24/24 MP: 2/2
  1038 | D:1      | Reached ** piety under Trog
  1038 | D:1      | Reached XP level 3. HP: 24/30 MP: 3/3
  1554 | D:2      | Reached XP level 4. HP: 37/37 MP: 4/4
  1837 | D:2      | Found a sparkling altar of Nemelex Xobeh.
  2425 | D:2      | Noticed Ijyb
  2442 | D:2      | Killed Ijyb
  2442 | D:2      | Reached XP level 5. HP: 43/43 MP: 5/5
  2657 | D:2      | Found a basalt altar of Yredelemnul.
  2853 | D:3      | Reached *** piety under Trog
  2895 | D:3      | Found a blossoming altar of Fedhas.
  3157 | D:3      | Noticed Robin
  3165 | D:3      | Killed Robin
  3650 | D:4      | Reached skill level 5 in Fighting
  3650 | D:4      | Reached XP level 6. HP: 37/51 MP: 6/6
  4084 | D:4      | Noticed Sigmund
  4092 | D:4      | Killed Sigmund
  4092 | D:4      | Reached XP level 7. HP: 56/56 MP: 7/7
  4786 | D:4      | Found a shattered altar of Ashenzari.
  4786 | D:4      | Found a sparkling altar of Nemelex Xobeh.
  5032 | D:5      | Entered Level 5 of the Dungeon
  5139 | D:5      | Found a stormy altar of Qazlal.
  5171 | D:5      | Reached skill level 5 in Maces & Flails
  5273 | D:5      | Found Tar Nogew's Armour Boutique.
  5281 | D:5      | Bought a +2 ring mail of cold resistance for 252 gold pieces
  5429 | D:5      | Reached XP level 8. HP: 64/64 MP: 8/8
  5431 | D:5      | Reached skill level 5 in Armour
  5434 | D:5      | Reached skill level 5 in Dodging
  5596 | D:5      | Gained mutation: You are agile. (Dex +2) [potion of beneficial mutation]
  5620 | D:5      | Gained mutation: You passively map a small area around you. [potion of beneficial mutation]
  5746 | D:5      | Found Nusyllel's Assorted Antiques.
  5817 | D:5      | Found Buypt's General Store.
  5883 | D:5      | Found Jule's Jewellery Shoppe.
  5908 | D:5      | Found Nealyh's Antique Armour Shop.
  6243 | D:6      | Reached **** piety under Trog
  7072 | D:6      | Reached XP level 9. HP: 63/72 MP: 9/9
  7833 | D:7      | Found a staircase to the Ecumenical Temple.
  7848 | Temple   | Entered the Ecumenical Temple
  7947 | D:7      | Noticed Menkaure
  7958 | D:7      | Killed Menkaure
  7980 | D:7      | Found a bloodstained altar of Trog.
  8017 | D:7      | Found a sacrificial altar of Ru.
  8343 | D:8      | Received a gift from Trog
  9149 | D:8      | Noticed a two-headed ogre
  9158 | D:8      | Killed a two-headed ogre
  9158 | D:8      | Reached XP level 10. HP: 82/82 MP: 10/10
  9376 | D:8      | Noticed Psyche
  9385 | D:8      | Killed Psyche
  9386 | D:8      | Found a radiant altar of Vehumet.
  9701 | D:9      | Killed a two-headed ogre
 10252 | D:9      | Noticed Joseph
 10255 | D:10     | Entered Level 10 of the Dungeon
 10280 | D:9      | Killed Joseph
 10388 | D:9      | Found a shimmering altar of Xom.
 11118 | D:10     | Received a gift from Trog
 11172 | D:10     | Noticed a purple ugly thing
 11186 | D:10     | Killed a purple ugly thing
 11186 | D:10     | Reached XP level 11. HP: 90/90 MP: 11/11
 11705 | D:11     | Noticed an eight-headed hydra
 11706 | D:11     | Reached skill level 10 in Fighting
 11713 | D:11     | Killed an eight-headed hydra
 11855 | D:11     | Noticed Maurice
 11942 | D:11     | Noticed Harold
 12022 | D:11     | Killed Harold
 12362 | D:11     | Found a runed door.
 12458 | D:11     | Killed Maurice
 12480 | D:11     | Noticed a four-headed hydra
 13000 | D:11     | Killed a four-headed hydra
 13000 | D:11     | Reached ***** piety under Trog
 13000 | D:11     | Reached skill level 10 in Armour
 13071 | D:11     | Found a staircase to the Lair.
 13130 | D:11     | Noticed a cyclops
 13154 | D:11     | Killed a cyclops
 13228 | D:11     | Noticed Sonja
 13229 | D:11     | Noticed Sonja
 13229 | D:11     | Sonja changed into Sonja the basilisk
 13244 | D:11     | Killed Sonja the basilisk
 13476 | D:11     | Noticed an ogre mage
 13476 | D:11     | Noticed an eight-headed hydra
 13476 | D:11     | Noticed a sphinx
 13476 | D:11     | Noticed an ogre mage
 13572 | D:11     | Killed a sphinx
 13572 | D:11     | Reached skill level 10 in Maces & Flails
 13572 | D:11     | Reached XP level 12. HP: 100/100 MP: 12/12
 13574 | D:11     | Killed an ogre mage
 13596 | D:11     | Noticed a four-headed hydra
 13918 | D:11     | Killed an eight-headed hydra
 13918 | D:11     | Reached skill level 10 in Dodging
 13973 | D:11     | Killed an ogre mage
 14249 | D:11     | Got a sparkling lead ring
 14253 | D:11     | Identified the ring of the Slug {Ice Int-3 Dex+3 SInv Stlth+} (You found it on level 11 of the Dungeon)
 14610 | D:12     | Found Xymekea's Food Boutique.
 14750 | D:12     | Noticed Azrael
 14855 | D:12     | Killed Azrael
 14995 | D:12     | Received a gift from Trog
 15645 | D:12     | Noticed an orc warlord
 15663 | D:12     | Killed an orc warlord
 15663 | D:12     | Gained mutation: You can hop longer distances. [Barachian growth]
 15663 | D:12     | Reached XP level 13. HP: 87/108 MP: 13/13
 15832 | D:12     | Found a staircase to the Orcish Mines.
 16355 | D:15     | Entered Level 15 of the Dungeon
 16461 | Orc:1    | Entered Level 1 of the Orcish Mines
 16675 | D:12     | Reached skill level 1 in Shields
 17217 | Orc:2    | Entered Level 2 of the Orcish Mines
 18011 | Orc:1    | Received a gift from Trog
 18581 | Orc:1    | Found a roughly hewn altar of Beogh.
 19193 | Orc:2    | Found a staircase to the Elven Halls.
 19330 | Orc:2    | Noticed Saint Roka
 19456 | Lair:1   | Entered Level 1 of the Lair of Beasts
 19780 | D:5      | Bought a +6 amulet of reflection for 760 gold pieces
 19780 | D:5      | Bought a +3 ring of slaying for 585 gold pieces
 20014 | Lair:1   | Received a gift from Trog
 21146 | Lair:2   | Reached XP level 14. HP: 118/118 MP: 14/14
 21277 | Lair:2   | Found a staircase to the Shoals.
 22005 | Lair:3   | Found an iron altar of Okawaru.
 22143 | Lair:3   | Noticed tsouns's ghost (journeyman TrAM)
 22169 | Lair:3   | Killed tsouns's ghost
 22169 | Lair:3   | Received a gift from Trog
 22432 | Lair:4   | Got a translucent diamond amulet
 22434 | Lair:4   | Identified the amulet of Vedasoj {*Slow +Rage rPois Int+8 Dex-5} (You found it on level 4 of the Lair of Beasts)
 22441 | Lair:4   | Found a labyrinth entrance.
 22454 | Lab      | Entered a labyrinth
 22685 | Lab      | Got a sparkling bone amulet
 22693 | Lab      | Identified the amulet "Udaxukeg" {Faith +Inv Str+4} (You found it in a labyrinth)
 23118 | Lair:4   | Noticed Josephine
 23137 | Lair:4   | Killed Josephine
 23419 | Lair:4   | Found a staircase to the Snake Pit.
 23487 | Lair:4   | Noticed Snorg
 23506 | Lair:4   | Killed Snorg
 24125 | Lair:5   | Found a staircase to the Slime Pits.
 24135 | Lair:5   | Found a blossoming altar of Fedhas.
 24389 | Lair:5   | Reached skill level 5 in Shields
 24833 | Lair:6   | Entered Level 6 of the Lair of Beasts
 25081 | Lair:6   | Reached XP level 15. HP: 110/127 MP: 15/15
 25931 | Lair:6   | Reached skill level 1 in Stealth
 25990 | Lair:6   | Found a burning altar of Makhleb.
 26255 | Lair:6   | Found a gateway to Hell.
 27312 | Orc:2    | Killed Saint Roka
 27325 | Orc:2    | Received a gift from Trog
 27489 | Orc:2    | Found Rib Jank's Book Shop.
 27756 | Orc:2    | Found Tisk's Magic Scroll Boutique.
 27864 | Orc:2    | Found an ancient bone altar of Kikubaaqudgha.
 27866 | Orc:2    | Noticed Nergalle
 27895 | Orc:2    | Killed Nergalle
 27901 | Orc:2    | Found Poigg's Antique Armour Shop.
 27935 | Orc:2    | Found a radiant altar of Vehumet.
 27947 | Orc:2    | Reached skill level 15 in Dodging
 28045 | Orc:2    | Found a roughly hewn altar of Beogh.
 28045 | Orc:2    | Found Sistrypod's Book Boutique.
 28088 | Orc:2    | Found Igyox's Gadget Boutique.
 28153 | Orc:2    | Bought a runed cloak for 357 gold pieces
 28153 | Orc:2    | Bought an embroidered cloak for 357 gold pieces
 28153 | Orc:2    | Bought a translucent leather armour for 238 gold pieces
 28191 | Orc:2    | Identified the cursed +0 leather armour of the Albatross {rElec Str+6} (You bought it in a shop on level 2 of the Orcish Mines)
 28440 | D:13     | Received a gift from Trog
 29744 | D:14     | Found a gate to the Vaults.
 29778 | D:14     | Reached XP level 16. HP: 75/134 MP: 16/16
 30192 | D:14     | Reached skill level 10 in Shields
 30688 | D:15     | Found Emeem's Antique Armour Shop.
 30709 | D:15     | Bought a bloodstained scale mail for 324 gold pieces
 30709 | D:15     | Identified the cursed +1 scale mail of Defiance {rPois Regen+} (You bought it in a shop on level 15 of the Dungeon)
 30997 | D:15     | Noticed Urug
 31011 | D:15     | Killed Urug
 31037 | D:15     | Found Najos's Food Boutique.
 31567 | D:15     | Found Maloqeas's Armour Shop.
 31872 | Snake:1  | Entered Level 1 of the Snake Pit
 31878 | Snake:1  | Noticed Rupert
 31962 | Snake:1  | Found a frozen archway.
 31968 | Snake:1  | Noticed Donald
 31971 | IceCv    | Entered an ice cave
 32121 | IceCv    | Got a vibrating crystal amulet
 32123 | IceCv    | Identified the amulet of Ceraradd {Faith rF- rN+ Str+4 Int+2} (You found it in an ice cave)
 32695 | IceCv    | Noticed an Ice Fiend
 33033 | IceCv    | Killed an Ice Fiend
 33254 | IceCv    | Got a twisted large shield
 33265 | IceCv    | Identified the cursed +0 large shield of the Gravedigger {Dex+3 Slay+3} (You found it in an ice cave)
 33367 | Snake:1  | Killed Donald
 33706 | Snake:1  | Killed Rupert
 33763 | Snake:1  | Noticed a nagaraja
 33771 | Snake:1  | Killed a nagaraja
 33771 | Snake:1  | Received a gift from Trog
 33828 | Snake:2  | Reached XP level 17. HP: 126/140 MP: 17/17
 34239 | Snake:1  | Noticed Aizul
 34259 | Snake:1  | Killed Aizul
 34774 | Snake:2  | Reached skill level 15 in Shields
 35288 | Snake:2  | Noticed Vashnia
 35341 | Snake:2  | Received a gift from Trog
 35355 | Snake:2  | Killed Vashnia
 36019 | Snake:3  | Noticed Roxanne
 36343 | Snake:3  | Noticed Mara
 36392 | Snake:3  | Noticed kuniqs's illusion
 36399 | Snake:3  | Killed Mara
 36929 | Snake:4  | Entered Level 4 of the Snake Pit
 37161 | Snake:4  | Reached XP level 18. HP: 147/147 MP: 18/18
 38525 | Snake:4  | Received a gift from Trog
 38794 | Snake:4  | Got a serpentine rune of Zot
 40004 | Shoals:1 | Entered Level 1 of the Shoals
 40044 | Shoals:1 | Found Dide's Jewellery Boutique.
 40101 | Shoals:1 | Found Deuvu's Gadget Emporium.
 40112 | Shoals:1 | Received a gift from Trog
 40137 | Shoals:1 | Reached XP level 19. HP: 146/153 MP: 19/19
 40145 | Shoals:1 | Found Kyenken's Weapon Shoppe.
 40470 | Shoals:1 | Found Aratinn's Gadget Shoppe.
 40490 | Shoals:1 | Found Xiboferiow's Distillery.
 40523 | Shoals:1 | Bought a potion of heal wounds for 55 gold pieces
 40947 | D:15     | Found a staircase to the Depths.
 40974 | Depths:1 | Entered Level 1 of the Depths
 41077 | Hell     | Entered the Vestibule of Hell
 41077 | Hell     | Noticed Geryon
 41843 | Shoals:3 | NOW WHAT
 42022 | Shoals:3 | Reached skill level 15 in Fighting
 42557 | Shoals:3 | Reached ****** piety under Trog
 42674 | Shoals:4 | Entered Level 4 of the Shoals
 42694 | Shoals:4 | Noticed Ilsuiw
 42730 | Shoals:3 | Killed Ilsuiw
 42730 | Shoals:3 | Received a gift from Trog
 43160 | Shoals:4 | Got a smoking mace
 43161 | Shoals:4 | Identified the cursed +1 mace of Jupniatrou {drain, rF+} (You found it on level 4 of the Shoals)
 43562 | Shoals:4 | Got a barnacled rune of Zot
 43801 | Vaults:1 | Entered Level 1 of the Vaults
 44057 | Vaults:1 | Reached XP level 20. HP: 140/164 MP: 20/20
 44087 | Vaults:1 | Received a gift from Trog
 45219 | Vaults:2 | Received a gift from Trog
 45510 | Vaults:2 | Reached skill level 15 in Armour
 45513 | Vaults:2 | Found a staircase to the Crypt.
 45534 | Vaults:2 | Got an ancient copper ring
 45539 | Vaults:2 | Identified the ring "Kittett" {Wiz Dex+2} (You took it off a centaur on level 2 of the Vaults)
 46358 | Vaults:2 | Received a gift from Trog
 46722 | Vaults:3 | Found Voovof's Antique Armour Shop.
 46746 | Vaults:3 | Noticed Frederick
 46758 | Vaults:3 | Noticed Nikola
 46766 | Vaults:3 | Killed Frederick
 46785 | Vaults:3 | Killed Nikola
 46785 | Vaults:3 | Reached XP level 21. HP: 82/175 MP: 6/21
 46819 | Vaults:3 | Bought a heavily runed scale mail for 324 gold pieces
 46819 | Vaults:3 | Identified the +1 scale mail of the Bouncing Dances {Int+3} (You bought it in a shop on level 3 of the Vaults)
 46821 | Vaults:3 | Bought an ichor-stained leather armour for 252 gold pieces
 46821 | Vaults:3 | Identified the +1 leather armour "Yfaharez" {*Corrode Str+6 Dex+4} (You bought it in a shop on level 3 of the Vaults)
 48110 | Vaults:3 | Received a gift from Trog
 49122 | Vaults:4 | Received a gift from Trog
 49448 | Crypt:1  | Entered Level 1 of the Crypt
 49466 | Crypt:1  | Found a magical portal.
 49512 | WizLab   | Entered Doroklohe's Tomb
 50000 | Crypt:1  | Reached XP level 22. HP: 188/188 MP: 22/22
 50300 | Crypt:1  | Received a gift from Trog
 51682 | Crypt:3  | Entered Level 3 of the Crypt
 51811 | Crypt:3  | Received a gift from Trog
 52317 | Crypt:3  | Found a staircase to the Tomb.
 52369 | Crypt:3  | Got a glittering brass ring
 52370 | Crypt:3  | Identified the ring "Xaggok" {rElec rF+ Dex+4 Stlth-} (You found it on level 3 of the Crypt)
 52395 | Crypt:3  | Noticed Mennas
 52446 | Crypt:3  | Killed Mennas
 52705 | Crypt:3  | Identified a scroll of acquirement
 52726 | Crypt:3  | Noticed an ancient lich
 52752 | Crypt:3  | Killed an ancient lich
 52786 | Crypt:3  | Received a gift from Trog
 52789 | Crypt:3  | Got a bloodstained flail {god gift}
 52790 | Crypt:3  | Identified the +5 flail "Caal Odo" {flame, Int+5 Dex-5} (Trog gifted it to you on level 3 of the Crypt)
 52794 | Crypt:3  | Found a basalt altar of Yredelemnul.
 52809 | Crypt:3  | Got a warped brass amulet
 52810 | Crypt:3  | Identified the amulet of the Jolly Orbs {Inacc rC+ rN+ Int+4} (You found it on level 3 of the Crypt)
 52860 | Crypt:3  | Reached XP level 23. HP: 189/196 MP: 23/23
 53503 | Elf:1    | Entered Level 1 of the Elven Halls
 53805 | Elf:1    | Received a gift from Trog
 54274 | Elf:1    | Noticed Asterion
 54294 | Elf:1    | Killed Asterion
 54294 | Elf:1    | Reached skill level 15 in Maces & Flails
 54404 | Elf:1    | Found an ancient bone altar of Kikubaaqudgha.
 54785 | Elf:2    | Found Deaqyiq's Jewellery Emporium.
 54785 | Elf:2    | Found Raodum's Gadget Boutique.
 54786 | Elf:2    | Found Loloty's Gadget Boutique.
 54843 | Elf:2    | Found a runed gate.
 54846 | Elf:2    | Found a runed gate.
 54846 | Elf:2    | Found a runed gate.
 54912 | Elf:2    | Received a gift from Trog
 55105 | Elf:3    | Entered Level 3 of the Elven Halls
 55465 | Elf:3    | Received a gift from Trog
 55474 | Elf:3    | Got a jewelled scale mail
 55476 | Elf:3    | Got an ancient platinum ring
 55477 | Elf:3    | Identified the ring of Hospitality {EV+3 Str+5} (You found it on level 3 of the Elven Halls)
 55486 | Elf:3    | Identified the +0 scale mail of Space {+Inv rElec rC++ MR-} (You found it on level 3 of the Elven Halls)
 56206 | Elf:3    | Reached XP level 24. HP: 204/204 MP: 23/23
 56633 | Depths:1 | Noticed Jorgrun
 56647 | Depths:1 | Killed Jorgrun
 56695 | Depths:1 | Noticed the Enchantress
 56730 | Depths:1 | Killed the Enchantress
 56754 | Depths:1 | Received a gift from Trog
 56767 | Depths:1 | Got faerie dragon scales
 56768 | Depths:1 | Identified the +6 faerie dragon scales {rCorr Int+4 Slay+5} (You took it off the Enchantress on level 1 of the Depths)
 57316 | Depths:2 | Noticed Bai Suzhen
 57362 | Depths:2 | Killed Bai Suzhen
 57368 | Depths:2 | Paralysed by an ogre mage for 5 turns
 57496 | Depths:2 | Received a gift from Trog
 57625 | Depths:2 | Noticed a caustic shrike
 57952 | Depths:2 | Found a runed door.
 58692 | Depths:2 | Got a coiled tin ring
 58693 | Depths:2 | Identified the ring of Uhotofue {Fire rN+} (You found it on level 2 of the Depths)
 58928 | Depths:2 | Received a gift from Trog
 59078 | Depths:3 | Reached XP level 25. HP: 100/210 MP: 23/23
 59131 | Depths:3 | Found a runed gate.
 59131 | Depths:3 | Found a runed gate.
 59131 | Depths:3 | Found a runed gate.
 59287 | Depths:3 | Found a one-way gate leading to the halls of Pandemonium.
 59873 | Depths:4 | Received a gift from Trog
 60104 | Depths:4 | Paralysed by a floating eye for 2 turns
 60334 | Depths:4 | Found a one-way gate to the infinite horrors of the Abyss.
 60426 | Depths:4 | Got a smoking granite ring
 60427 | Depths:4 | Identified the ring "Isob" {rCorr +Inv} (You found it on level 4 of the Depths)
 60467 | Depths:4 | Received a gift from Trog
 60476 | Depths:4 | Got a dazzling morningstar {god gift}
 60477 | Depths:4 | Identified the +6 morningstar "Rusiof" {speed, Fragile Str+6 Dex+2} (Trog gifted it to you on level 4 of the Depths)
 61002 | Depths:5 | Entered Level 5 of the Depths
 61624 | Depths:5 | Found a gate to the Realm of Zot.
 61935 | Depths:5 | Found a gateway to a ziggurat.
 61952 | Zig:1    | Entered Level 1 of a ziggurat
 61979 | Zig:2    | Entered Level 2 of a ziggurat
 61996 | Zig:2    | Reached XP level 26. HP: 218/218 MP: 23/23
 62005 | Zig:3    | Entered Level 3 of a ziggurat
 62018 | Zig:3    | Received a gift from Trog
 62045 | Zig:4    | Entered Level 4 of a ziggurat
 62052 | Zig:4    | Reached XP level 27. HP: 224/224 MP: 23/23
 62095 | Zig:5    | Entered Level 5 of a ziggurat
 62231 | Zig:6    | Entered Level 6 of a ziggurat
 62802 | Slime:1  | Entered Level 1 of the Pits of Slime
 62963 | Slime:4  | Paralysed by a great orb of eyes for 5 turns
 63091 | Slime:4  | Found a viscous altar of Jiyva.
 63093 | Slime:5  | Entered Level 5 of the Pits of Slime
 63127 | Slime:5  | Noticed the Royal Jelly
 63129 | Slime:5  | Received a gift from Trog
 63131 | Slime:5  | Found a viscous altar of Jiyva.
 63141 | Slime:5  | Killed the Royal Jelly
 63349 | Slime:4  | Gained mutation: Potions are less effective at restoring your health. [a shining eye]
 63351 | Slime:4  | Gained mutation: You are frail. (-10% HP) [a shining eye]
 63423 | Slime:5  | Gained mutation: You are very agile. (Dex +4) [a shining eye]
 63563 | Slime:5  | Got a slimy rune of Zot
 63578 | Slime:5  | Identified the +9 ring mail of Xeufro {Int+7} (You found it on level 5 of the Pits of Slime)
 63584 | Slime:5  | Identified a +0 pair of boots of running (You found it on level 5 of the Pits of Slime)
 63604 | Slime:5  | Identified the +5 ring mail of the Bulwark {Str+4 Stlth+} (You found it on level 5 of the Pits of Slime)
 63680 | Lair:5   | Lost mutation: You are very agile. (Dex +4) [potion of cure mutation]
 63680 | Lair:5   | Lost mutation: You are frail. (-10% HP) [potion of cure mutation]
 63680 | Lair:5   | Lost mutation: You passively map a small area around you. [potion of cure mutation]
 63680 | Lair:5   | Lost mutation: You are agile. (Dex +2) [potion of cure mutation]
 63680 | Lair:5   | Lost mutation: Potions are less effective at restoring your health. [potion of cure mutation]
 64076 | Zot:1    | Entered Level 1 of the Realm of Zot
 64552 | Zot:5    | Entered Level 5 of the Realm of Zot
 64650 | Zot:5    | Received a gift from Trog
 65023 | Zot:5    | Noticed an orb of fire
 65046 | Zot:5    | Killed an orb of fire
 65124 | Zot:5    | Noticed an orb of fire
 65130 | Zot:5    | Gained mutation: You tend to lose your temper in combat. [an orb of fire]
 65135 | Zot:5    | Gained mutation: Potions are less effective at restoring your health. [an orb of fire]
 65138 | Zot:5    | Lost mutation: Potions are less effective at restoring your health. [potion of cure mutation]
 65138 | Zot:5    | Lost mutation: You tend to lose your temper in combat. [potion of cure mutation]
 65139 | Zot:5    | Killed an orb of fire
 65309 | Zot:5    | Noticed an ancient lich
 65351 | Zot:5    | Killed an ancient lich
 65469 | Zot:5    | Received a gift from Trog
 65486 | Zot:5    | Noticed an ancient lich
 65493 | Zot:5    | Killed an ancient lich
 65649 | Zot:5    | Noticed an orb of fire
 65661 | Zot:5    | Gained mutation: You are weak. (Str -2) [an orb of fire]
 65677 | Zot:5    | Killed an orb of fire
 65803 | Zot:5    | Noticed an ancient lich
 65813 | Zot:5    | Killed an ancient lich
 65947 | Zot:5    | Got the Orb of Zot
 66430 | Depths:1 | Received a gift from Trog
 66841 | D:$      | Escaped with the Orb!

Vault maps used:
D:1:      minmay_arrival_wavy_path, kennysheep_decorative_pillar,
          minmay_tetromino_t2
D:2:      lemuel_zombie_altar_yredelemnul, nemelex_diamond_rough_becter,
          uniq_iyjb
D:3:      fedhas_altar_1, first_bread, uniq_robin
D:4:      gammafunk_temple_overflow_wave, uniq_sigmund
D:5:      lemuel_doored_altar, serial_shops, shop, shop,
          nicolae_shop_overgrown_old_shop, kennysheep_mini_moat,
          nicolae_shop_waterfront, hangedman_decor_clover_reticule,
          minmay_misc_feat_encased, minmay_bent
D:6:      kb_lookout_dungeons_type
D:7:      nicolae_ru_great_annihilating_truth, minmay_temple_entry_purple_smoke,
          trog_ov_bears_minmay, uniq_menkaure
D:8:      fiery_altar_vehumet, uniq_psyche
D:9:      xom_confusion_cloud, uniq_joseph
D:10:     hangedman_little_slice_of_home
D:11:     erik_lair_orcish_takeover, minmay_tree_intersection, minivault_4,
          minmay_st_funbox, uniq_harold, uniq_sonja, uniq_maurice
D:12:     orc_0_dummy, serial_shops, shop, uniq_azrael
D:14:     lightli_vaults_fourway_checkpoint, kennysheep_pointless_box,
          minivault_19
D:15:     grunt_enter_depths_hoard, serial_bayou_pond_a, serial_shops, shop,
          shop, shop, grunt_tough_drop, uniq_urug
Temple:   eino_temple_lava
Lair:1:   beast_lair_carwin_3, grunt_megastairs_1
Lair:2:   shoals_dummy_entry
Lair:3:   basic_altar
Lair:4:   minmay_snake_entry_guardpost_medium, lab_entry_generic,
          minmay_lair_oklob_chamber, serial_bayou_shore_b, serial_bayou_shore_b,
          uniq_josephine, uniq_snorg
Lair:5:   slime_dummy, basic_altar, serial_bayou_pond_e
Lair:6:   evil_forest, st_stairs_6, serial_bayou_ford_a,
          nicolae_quartered_pool_little
Shoals:1: serial_shops, shop, shop, nicolae_shop_stone, nicolae_shop_waterfront,
          nicolae_shop_stone
Shoals:3: cheibrodos_shoals_gigantism, nicolae_shoals_undead_eyrie
Shoals:4: shoals_end_simple, shoals_ilsuiw_ice
Snake:1:  portal_ice_cave_entry_pillars_three, serial_bayou_shore_b,
          serial_bayou_shore_b, uniq_donald, uniq_aizul, uniq_rupert
Snake:2:  spider_trap, uniq_vashnia
Snake:3:  uniq_mara, uniq_roxanne
Snake:4:  grunt_snake_rune_spirals, special_room
Slime:1:  basic_altar
Slime:4:  basic_altar, uniq_dissolution
Orc:1:    minmay_orc_temple_b
Orc:2:    kennysheep_orc_mage_school, serial_shops, shop, guppyfry_library_mini,
          uniq_saint_roka
Elf:1:    minmay_elf_arrival_circle, basic_altar, minmay_elf_sorcery,
          dk_noncrumbling_2, uniq_asterion
Elf:2:    minmay_shop_grove
Elf:3:    elf_hall
Vaults:1: nicolae_vaults_diagonal_hallway_7, nicolae_vaults_little_squares_6,
          nicolae_vaults_diagonal_hallway_6, vaults_dpeg_hooks,
          vaults_standard_mumra_x, v_pattern_5, nicolae_vaults_ring_of_whatevers
Vaults:2: minmay_crypt_entry_simple_plaza, grunt_vaults_hallway_short,
          v_misc_10, nicolae_vaults_hallways_thing,
          nicolae_vaults_big_angled_halls, v_pattern_2, v_misc_25,
          nicolae_vaults_diagonal_hallway_7, v_misc_27,
          vaults_standard_mumra_enter_the_diamond, vaults_mumra_chevron_long,
          grunt_vaults_twisty, ontoclasm_vaults_pinch,
          nicolae_vaults_border_crossing, hangedman_vaults_impose
Vaults:3: nicolae_vaults_network_barrier, v_rooms_3, vaults_dpeg_spiral,
          nicolae_vaults_rhombus_7, vaults_room_large_hall,
          vaults_mumra_bighexcomb, v_misc_19, v_misc_23, serial_shops, shop,
          uniq_frederick, uniq_nikola
Vaults:4: nicolae_vaults_puzzle_piece, v_misc_4, v_alt_pattern_6, st_star,
          grunt_vaults_focal, hangedman_vaults_hat, v_misc_8,
          nicolae_vaults_little_squares_3, nicolae_vaults_stairing_the_circle,
          vaults_room_large_hall, dpeg_vaults_monster_box
Crypt:1:  mu_enter_wizlab_2
Crypt:2:  minmay_strange_pillars, lemuel_elevator
Crypt:3:  cryptofortress_bobbens, uniq_mennas
Depths:1: hell_entry, serial_sigils_hangedman_quiver, kennysheep_potato,
          uniq_jorgrun, uniq_enchantress
Depths:2: box_level_dp, serial_shops, hell_entry, uniq_bai_suzhen
Depths:3: kennysheep_big_flooded_room, minmay_misc_feat_columns,
          rand_demon_pan_entry_3, hell_entry, nicolae_sextant, pandoras_box_mu
Depths:4: kennysheep_spiral_hall, abyss_entry, grunt_mini_vestibule,
          minmay_misc_feat_roman, minmay_staircase_bubble
Depths:5: grunt_zot_entry_gee_three, enter_ziggurat_e, nrook_pool_corridor,
          grunt_hell_entry_dis_grunt
Zot:2:    kennysheep_blocky_room
Zot:3:    hangedman_orp_of_zott
Zot:4:    kennysheep_blocky_hall, lemuel_baited_zot_trap
Lab:      labyrinth_watery, nicolae_lab_diamond, nicolae_lab_grate
IceCv:    ice_cave_caverns_02
WizLab:   wizlab_doroklohe

Skill      XL: |  1  2  3  4  5  6  7  8  9 10 11 12 13 14 15 16 17 18 19 20 21 22 23 24 25 26 27 |
---------------+----------------------------------------------------------------------------------+-----
Dodging        | 3 4 5 7 8 9 10 11 13 15 16 18 19 22 | 22.8
Fighting       | 4 5 6 7 8 9 11 12 13 14 15 17 19 20 22 | 22.7
Maces & Flails | 4 5 6 7 8 10 11 12 13 17 20 22 | 22.0
Armour         | 3 4 6 8 9 10 11 12 14 15 16 17 18 | 18.4
Shields        | 4 6 9 13 17 19 20 21 22 | 22.0
Stealth        | 2 |  2.9

Action                   |  1- 3 |  4- 6 |  7- 9 | 10-12 | 13-15 | 16-18 | 19-21 | 22-24 | 25-27 || total
-------------------------+-------+-------+-------+-------+-------+-------+-------+-------+-------++-------
Melee: Mace              |    94 |       |    46 |       |       |       |       |       |       ||   140
       Whip              |    19 |   286 |     6 |   155 |  1681 |  2221 |   850 |       |       ||  5218
       Spear             |       |       |   162 |       |       |       |       |       |       ||   162
       Trident           |       |       |   252 |    65 |       |       |       |       |       ||   317
       Flail             |       |       |    14 |       |       |       |       |       |       ||    14
       Great mace        |       |       |       |   352 |       |       |       |       |       ||   352
       Dire flail        |       |       |       |   148 |   393 |       |       |       |       ||   541
       Eveningstar       |       |       |       |       |       |   106 |    45 |    68 |    77 ||   296
       Demon whip        |       |       |       |       |       |       |  1269 |  1874 |  1564 ||  4707
       Morningstar       |       |       |       |       |       |       |       |       |    70 ||    70
Throw: Javelin           |       |       |     2 |     4 |       |       |       |       |       ||     6
       Throwing net      |       |       |       |       |       |       |       |     1 |       ||     1
Invok: Berserk           |     3 |     4 |     4 |    21 |    17 |    11 |     4 |     6 |       ||    70
       Trog's Hand       |       |     1 |     3 |     6 |    16 |     8 |     5 |    12 |    15 ||    66
       Brothers in Arms  |       |       |     1 |       |     1 |     5 |       |     2 |     2 ||    11
       Burn Spellbooks   |       |       |       |     2 |     6 |     2 |     2 |     5 |     6 ||    23
 Abil: Hop               |       |       |     2 |     1 |     3 |     2 |       |       |     2 ||    10
       Stop Flying       |       |       |       |       |       |       |       |       |     1 ||     1
Evoke: Wand              |       |       |       |     6 |     3 |     8 |     6 |     6 |    20 ||    49
       Lightning rod     |       |       |       |       |       |       |       |     4 |     1 ||     5
       Lamp of fire      |       |       |       |       |       |       |       |     1 |       ||     1
  Use: Potion            |       |     1 |     4 |     1 |     5 |     2 |     2 |     2 |    16 ||    33
       Scroll            |       |       |    17 |     6 |    15 |    10 |    15 |    19 |    24 ||   106
 Stab: Sleeping          |       |     1 |     9 |     4 |     6 |    14 |    14 |     3 |     4 ||    55
       Distracted        |       |     1 |       |     2 |     1 |     7 |     3 |     9 |       ||    23
       Paralysed         |       |       |     1 |       |       |       |       |       |       ||     1
       Confused          |       |       |       |     3 |       |       |       |       |       ||     3
       Held in net/web   |       |       |       |       |       |       |     1 |     1 |       ||     2
  Eat: Chunk             |     5 |    10 |    20 |    24 |    62 |    21 |    37 |    10 |       ||   189
       Meat ration       |       |     1 |       |       |       |     5 |     1 |     5 |     5 ||    17
       Fruit             |       |       |     1 |     2 |     1 |     2 |       |       |       ||     6
       Royal jelly       |       |       |       |    10 |     6 |     3 |     2 |     8 |     3 ||    32
Armor: Animal skin       |    31 |    22 |       |       |       |       |       |       |       ||    53
       Ring mail         |       |    63 |   189 |   244 |   196 |       |       |       |       ||   692
       Skin              |       |       |       |     2 |       |       |       |       |       ||     2
       Steam dragon scal |       |       |       |       |    86 |       |       |       |       ||    86
       Leather armour    |       |       |       |       |    10 |     9 |     2 |       |       ||    21
       Scale mail        |       |       |       |       |       |   205 |   124 |   137 |       ||   466
       Acid dragon scale |       |       |       |       |       |       |       |    39 |   132 ||   171
Dodge: Dodged            |    85 |   177 |   350 |   614 |   977 |   611 |   457 |   605 |   568 ||  4444
Block: Buckler           |       |       |       |       |   563 |   103 |       |       |       ||   666
       Reflection        |       |       |       |       |    12 |   285 |   201 |    69 |    51 ||   618
       Shield            |       |       |       |       |       |   168 |       |       |       ||   168
       Large shield      |       |       |       |       |       |  1628 |  1827 |  1686 |  1443 ||  6584
       Rpst.: Whip       |       |       |       |       |       |       |     7 |       |       ||     7
       Demon whip        |       |       |       |       |       |       |    48 |   114 |    69 ||   231
       Eveningstar       |       |       |       |       |       |       |       |    13 |     4 ||    17
